 Dungeon Crawl Stone Soup version 0.23.0 (webtiles) character file.

Game seed: 9628860147718060066

6634 loopi the Grappler (level 10, -9/141 HPs)
             Began as a Troll Berserker on Feb 23, 2019.
             Was a Priest of Trog.
             Mangled by a white ugly thing (13 damage)
             ... on level 14 of the Dungeon.
             The game lasted 00:24:28 (3848 turns).

loopi the Grappler (Troll Berserker)                Turns: 3848, Time: 00:24:28

Health: -9/141     AC: 10    Str: 33    XL:     10   Next: 72%
Magic:  9/9        EV: 13    Int:  7    God:    Trog [***...]
Gold:   254        SH:  0    Dex:  8    Spells: 9/9 levels left

rFire    + . .     SeeInvis .     - Unarmed
rCold    . . .     Gourm    +   (no shield)
rNeg     . . .     Faith    .   g - +0 acid dragon scales
rPois    .         Spirit   .   (helmet restricted)
rElec    .         Reflect  .   (no cloak)
rCorr    +         Harm     .   (gloves unavailable)
MR       .....                  (boots unavailable)
Stlth    ..........             (no amulet)
HPRegen  0.73/turn              l - +3 ring of intelligence
MPRegen  0.11/turn              f - ring of resist corrosion

@: berserking, very quick
A: large, unfitting armour, claws 3, clumsy 1, fire resistance 1, fast
metabolism 3, gourmand, mutation resistance 1, regeneration 1, shaggy fur 1,
tough skin 3, wild magic 1
a: Berserk, Trog's Hand, Renounce Religion


You were on level 14 of the Dungeon.
You worshipped Trog.
Trog was most pleased with you.
You were full.

You visited 1 branch of the dungeon, and saw 15 of its levels.

You collected 254 gold pieces.

Inventory:

Hand Weapons
 j - a +4 short sword of speed
 q - a +3 hunting sling of velocity
 s - a +2 falchion of freezing
 F - a cursed +5 great sword of freezing
Missiles
 h - 105 stones (quivered)
 k - 7 tomahawks
 r - 8 curare-tipped needles
 v - 52 bolts
Armour
 a - a +0 animal skin
 g - +0 acid dragon scales (worn)
 C - a +0 troll leather armour
Jewellery
 f - a ring of resist corrosion (right claw)
 l - a +3 ring of intelligence (left claw)
 x - an uncursed ring of flight
 B - an uncursed ring of wizardry
Wands
 A - a wand of flame (20)
Scrolls
 e - a scroll of identify
 o - a scroll of blinking {unknown}
 p - 3 scrolls of remove curse
 t - a scroll of amnesia
 u - a scroll of immolation {unknown}
 w - a scroll of noise {unknown}
 D - a scroll of enchant weapon {unknown}
Potions
 c - 3 potions of mutation
 d - a potion of cancellation
 E - a potion of brilliance {unknown}
Comestibles
 b - 7 rations


   Skills:
 + Level 4.9 Fighting
 - Level 3.0 Armour
 - Level 10.0 Dodging
 - Level 10.2 Unarmed Combat


You had 9 spell levels left.
You didn't know any spells.
Your spell library was empty.

Dungeon Overview and Level Annotations

Branches:
Dungeon (15/15)            Vaults (0/5) D:13
 Temple: D:4-7         Lair: D:8-11         Orc: D:9-12      Depths: D:15

Altars:
Gozag
Yredelemnul

Shops:
D:9 [

Annotations:
D:13 Urug


Innate Abilities, Weirdness & Mutations

You are too large for most types of armour.
You have claws for hands.
Your metabolism is lightning-fast.
You like to eat raw meat.
Your natural rate of healing is unusually fast.
You are covered in fur. (AC +1)
You have extremely tough skin. (AC +3)
You are clumsy. (Dex -2)
Your flesh is heat resistant. (rF+)
You are somewhat resistant to further mutation.
Your spells are a little harder to cast, but a little more powerful.


Message History

You continue putting on your +0 acid dragon scales. x5
You finish putting on your +0 acid dragon scales.
Unknown command.
You open the door.
There is an open door here. 4 ugly things come into view.
The white ugly thing gurgles horribly! x4; You hear a horrible gurgling sound!
The white ugly thing basks in the mutagenic energy from its kin and changes!
You hear a horrible gurgling sound!
The white ugly thing gores you! The white ugly thing freezes you!!
The white ugly thing gores you! The white ugly thing freezes you!!
* * * LOW HITPOINT WARNING * * *
The white ugly thing gores you.
* * * LOW HITPOINT WARNING * * *
The white ugly thing freezes you!!
* * * LOW HITPOINT WARNING * * *
A red film seems to cover your vision as you go berserk!
You feel yourself moving faster!
You feel mighty! The white ugly thing gores you!
You die...

#..........#
#..........#
#.........[#
#......>...#
######'#####
#..# ##.#
#######.#####
#.#...@.....#
#.#.#u#####.#
#...#u#
#####.#
#uu.u.#
#u###.# ...
####. .#


You could see 3 ugly things.

Vanquished Creatures
  A catoblepas (D:11)
  A two-headed ogre (D:12)
  2 cyclopes
  A centaur zombie (D:12)
  2 trolls
  A hornet (D:12)
  6 slime creatures (D:12)
  A vampire (D:8)
  A human (D:12)
  2 hungry ghosts (D:10)
  A steam dragon (D:12)
  An acid dragon (D:15)
  2 orc warriors
  An ice beast (D:9)
  An eye of draining (D:12)
  A phantom (D:11)
  2 centaurs
  2 ogres
  A big kobold (D:12)
  4 bullfrogs
  3 wights (D:12)
  A howler monkey (D:11)
  A crimson imp (D:8)
  2 jellies
  A quasit (D:10)
  A bullfrog zombie (D:12)
  4 hounds
  An orc wizard (D:3)
  2 orc priests
  An iguana (D:7)
  3 worker ants
  A river rat (D:3)
  5 adders
  An adder skeleton (D:8)
  A worm (D:3)
  A leopard gecko (D:7)
  23 orcs
  A ball python (D:3)
  3 giant cockroaches
  A goblin (D:3)
  A hobgoblin (D:3)
  4 jackals (D:4)
  4 kobolds
  2 quokkas
  A bat (D:1)
  A frilled lizard (D:3)
  4 rats (D:3)
108 creatures vanquished.

Vanquished Creatures (others)
  An orc warrior (D:11)
  A sky beast (D:11)
  An ogre (D:11)
  An eye of draining (D:11)
  A human simulacrum (D:11)
  A worker ant zombie (D:11)
  2 orcs (D:11)
  A quokka (D:11)
9 creatures vanquished.

Grand Total: 117 creatures vanquished

Notes
Turn   | Place    | Note
-------+----------+-------------------------------------------
     0 | D:1      | loopi the Troll Berserker began the quest for the Orb.
     0 | D:1      | Reached XP level 1. HP: 22/22 MP: 0/0
    55 | D:2      | Noticed a howler monkey
    89 | D:3      | Reached XP level 2. HP: 29/29 MP: 1/1
   237 | D:3      | Reached XP level 3. HP: 32/36 MP: 2/2
   253 | D:3      | Reached skill level 5 in Unarmed Combat
   253 | D:3      | Reached XP level 4. HP: 43/44 MP: 3/3
   445 | D:3      | Reached ** piety under Trog
   520 | D:3      | Found a faded altar of an unknown god.
   686 | D:3      | Found a glowing drain.
   921 | D:5      | Entered Level 5 of the Dungeon
   929 | D:5      | Noticed a centaur
   939 | D:5      | Killed a centaur
   939 | D:5      | Reached XP level 5. HP: 30/54 MP: 4/4
  1069 | D:5      | You fall through a shaft!
  1185 | D:7      | Reached XP level 6. HP: 62/62 MP: 5/5
  1276 | D:8      | Noticed a vampire
  1279 | D:8      | Gained mutation: You are clumsy. (Dex -2) [potion of
                  | mutation]
  1279 | D:8      | Gained mutation: You are weak. (Str -2) [potion of
                  | mutation]
  1279 | D:8      | Gained mutation: You have a pair of small horns on your
                  | head. [potion of mutation]
  1288 | D:8      | Killed a vampire
  1316 | D:8      | Lost mutation: You are weak. (Str -2) [potion of mutation]
  1316 | D:8      | Lost mutation: You have a pair of small horns on your head.
                  | [potion of mutation]
  1316 | D:8      | Gained mutation: Your spells are a little harder to cast,
                  | but a little more powerful. [potion of mutation]
  1316 | D:8      | Gained mutation: Your flesh is heat resistant. (rF+)
                  | [potion of mutation]
  1316 | D:8      | Gained mutation: You are somewhat resistant to further
                  | mutation. [potion of mutation]
  1417 | D:8      | Reached XP level 7. HP: 58/70 MP: 6/6
  1421 | D:8      | Reached skill level 5 in Dodging
  1499 | D:9      | Found Doagh's Antique Armour Shoppe.
  1517 | D:9      | Found an opulent altar of Gozag.
  1575 | D:9      | Noticed a cyclops
  1584 | D:9      | Killed a cyclops
  1584 | D:9      | Reached XP level 8. HP: 78/78 MP: 7/7
  1662 | D:9      | Found a basalt altar of Yredelemnul.
  1751 | D:10     | Entered Level 10 of the Dungeon
  1991 | D:11     | Noticed a catoblepas
  1994 | D:11     | Noticed a skeletal warrior
  2013 | D:11     | Noticed a skeletal warrior
  2019 | D:11     | Killed a catoblepas
  2019 | D:11     | Reached XP level 9. HP: 84/84 MP: 8/8
  2330 | D:10     | Reached *** piety under Trog
  2400 | D:11     | Noticed a troll
  2406 | D:11     | Killed a troll
  2406 | D:11     | Reached skill level 10 in Dodging
  2535 | D:11     | Reached skill level 1 in Armour
  2608 | D:13     | Found a gate to the Vaults.
  2608 | D:13     | Noticed Urug
  2608 | D:13     | Noticed a two-headed ogre
  2608 | D:13     | Noticed a centaur warrior
  2608 | D:13     | Noticed a purple ugly thing
  2886 | D:12     | Reached XP level 10. HP: 36/92 MP: 9/9
  2983 | D:12     | Noticed a cyclops
  2992 | D:12     | Killed a cyclops
  3015 | D:12     | Paralysed by a hornet for 2 turns
  3022 | D:12     | Noticed a four-headed hydra
  3141 | D:12     | Noticed a two-headed ogre
  3158 | D:12     | Killed a two-headed ogre
  3286 | D:12     | Reached skill level 10 in Unarmed Combat
  3791 | D:12     | You fall through a shaft for 3 floors!
  3791 | D:15     | Entered Level 15 of the Dungeon
  3802 | D:15     | Noticed an orc knight
  3842 | D:14     | Noticed a white ugly thing
  3842 | D:14     | Noticed a white ugly thing
  3842 | D:14     | Noticed a white ugly thing
  3842 | D:14     | Noticed a white ugly thing
  3847 | D:14     | HP: 2/94 [white ugly thing (23)]
  3848 | D:14     | Mangled by a white ugly thing

Skill      XL: |  1  2  3  4  5  6  7  8  9 10 |
---------------+-------------------------------+-----
Unarmed Combat | 4 5 7 10 | 10.2
Fighting       | 3 4 |  4.9
Dodging        | 3 4 6 9 10 | 10.0
Armour         | 3 |  3.0

Action                   |  1- 3 |  4- 6 |  7- 9 | 10-12 || total
-------------------------+-------+-------+-------+-------++-------
Melee: Unarmed           |    46 |   113 |   198 |    60 ||   417
       Punch             |       |     2 |     4 |     3 ||     9
       Headbutt          |       |     2 |       |       ||     2
Throw: Stone             |       |       |     2 |     1 ||     3
       Tomahawk          |       |       |     1 |       ||     1
       Large rock        |       |       |       |     8 ||     8
Invok: Berserk           |       |     1 |     7 |     7 ||    15
       Trog's Hand       |       |       |     1 |     1 ||     2
  Use: Scroll            |       |     2 |       |     4 ||     6
       Potion            |       |     5 |       |     4 ||     9
  Eat: Chunk             |     7 |    12 |    23 |    12 ||    54
       Ration            |       |       |     2 |     1 ||     3
Armor: Animal skin       |    15 |    43 |    43 |       ||   101
       Troll leather arm |       |       |    18 |    22 ||    40
Dodge: Dodged            |    32 |    66 |   155 |    47 ||   300
